 Dungeon Crawl Stone Soup version 0.29.1-4-g47bece8355 (webtiles) character file.

Game seed: 12248718259313433736

87710 Lutefisk the Stormcaller (level 15, -1/92 HPs)
             Began as a Tengu Air Elementalist on Dec 4, 2022.
             Was a High Priest of Sif Muna.
             Slain by a spark wasp (22 damage)
             ... on level 3 of the Lair of Beasts on Dec 5, 2022.
             The game lasted 02:02:00 (14977 turns).

Lutefisk the Stormcaller (Tengu Air Elementalist)  Turns: 14977, Time: 02:02:02

Health: -1/92      AC: 20    Str:  5    XL:     15   Next: 91%
Magic:  20/31      EV: 20    Int: 25    God:    Sif Muna [*****.]
Gold:   2425       SH:  8    Dex: 16    Spells: 19/36 levels left

rFire   . . .      SeeInvis .   Z - +5 rapier (drain)
rCold   . . .      Faith    .   Y - +1 buckler {AC+3}
rNeg    . . .      Spirit   .   k - quicksilver dragon scales
rPois   +          Reflect  .   R - +1 hat
rElec   +          Harm     .   n - -2 cloak "Sollac" {rElec Regen+}
rCorr   .          Rampage  .   H - +2 pair of gloves
Will    +++..                   (boots unavailable)
Stlth   ++........              S - amulet of magic regeneration
HPRegen 1.05/turn               I - ring "Tahynej" {*Slow rElec rPois Str-5 Int+5}
MPRegen 0.62/turn               W - ring of Fobeafil {Will+ EV+4}

@: flying quickly and evasively, quick
A: beak, talons 3, nimble flight
a: Renounce Religion, Channel Magic, Forget Spell, Divine Exegesis


You were on level 3 of the Lair of Beasts.
You worshipped Sif Muna.
Sif Muna was extremely pleased with you.
You visited 5 branches of the dungeon, and saw 24 of its levels.
You also visited: Gauntlet.

You collected 3307 gold pieces.
You spent 882 gold pieces at shops.

Inventory:

Hand Weapons
 P - the +8 dagger of Inflation {pain, rF+ Dex+2}
   (You bought it in a shop on level 2 of the Orcish Mines)

   In the hands of one skilled in necromantic magic, it inflicts extra damage on
   living creatures.
   Dex:       It affects your dexterity (+2).
   rF:        It protects you from fire.
 Z - a +5 rapier of draining (weapon)
Missiles
 r - 10 curare-tipped darts (quivered)
 w - 2 throwing nets
 y - 8 silver javelins
Armour
 k - quicksilver dragon scales (worn)
 n - the -2 cloak "Sollac" (worn) {rElec Regen+}
   (You bought it in a shop on level 2 of the Orcish Mines)

   rElec:     It insulates you from electricity.
   Regen:     It increases your rate of health regeneration.
 H - a +2 pair of gloves (worn)
 R - a +1 hat (worn)
 V - a +1 cloak of preservation
 Y - a +1 buckler of protection (worn)
Magical Staves
 a - a staff of fire
 X - a staff of death
Jewellery
 p - a +4 ring of evasion
 q - a ring of resist corrosion
 u - a ring of see invisible
 A - a +6 ring of intelligence
 I - the ring "Tahynej" (left hand) {*Slow rElec rPois Str-5 Int+5}
   (You found it on level 5 of the Lair of Beasts)

   [ring of poison resistance]

   Str:       It affects your strength (-5).
   Int:       It affects your intelligence (+5).
   rElec:     It insulates you from electricity.
   rPois:     It protects you from poison.
   *Slow:     It may slow you when you take damage.
 K - a ring of positive energy
 S - an amulet of magic regeneration (around neck)
 T - a ring of protection from cold
 U - a +4 ring of protection
 W - the ring of Fobeafil (right hand) {Will+ EV+4}
   (You found it in a Gauntlet)

   [ring of evasion]

   EV:        It affects your evasion (+4).
   Will:      It increases your willpower.
Wands
 g - a wand of polymorph (14)
 z - a wand of mindburst (14)
 M - a wand of flame (41)
Scrolls
 d - 4 scrolls of fear
 e - 4 scrolls of immolation
 f - 3 scrolls of summoning
 i - a scroll of blinking
 j - a scroll of butterflies
 l - 4 scrolls of vulnerability
 m - 3 scrolls of silence
 t - 3 scrolls of magic mapping
 v - 4 scrolls of enchant armour
 x - 4 scrolls of teleportation
 B - 5 scrolls of enchant weapon
 D - a scroll of torment
 G - a scroll of brand weapon
 J - 3 scrolls of poison
Potions
 b - 4 potions of magic
 c - 5 potions of heal wounds
 h - 5 potions of attraction
 o - 3 potions of resistance
 s - 5 potions of mutation
 C - a potion of brilliance
 F - 2 potions of might
 N - a potion of haste
 O - a potion of lignification {unknown}
 Q - 2 potions of curing
Miscellaneous
 E - a tin of tremorstones (2/2)
 L - a phantom mirror


   Skills:
 - Level 10.0 Fighting
 - Level 1.0 Throwing
 * Level 10.3 Armour
 - Level 12.0 Dodging
 - Level 3.0 Stealth
 - Level 10.0 Shields
 - Level 11.0 Spellcasting
 - Level 10.0 Conjurations
 - Level 16.0 Air Magic
 - Level 5.0 Invocations
 - Level 6.0 Evocations


You had 19 spell levels left.
You knew the following spells:

 Your Spells              Type           Power      Damage    Failure   Level
a - Shock                 Conj/Air       100%       1d9       1%          1
b - Static Discharge      Conj/Air       68%        3-12/arc  1%          2
c - Swiftness             Air            76%        N/A       1%          3
d - Airstrike             Air            38%        2d(6-22)  1%          4
e - Passwall              Tmut/Erth      10%        N/A       26%         2
f - Freezing Cloud        Conj/Ice/Air   27%        6-21      14%         5

Your spell library contained the following spells:

 Spells                   Type           Power      Damage    Failure   Level
 Magic Dart               Conj           100%       1d8       1%          1
 Poisonous Vapours        Pois/Air       100%       N/A       1%          2
 Foxfire                  Conj/Fire      100%       2x1d9     2%          1
 Lightning Bolt           Conj/Air       34%        1d51      2%          5
 Dazzling Flash           Conj/Hex       76%        N/A       7%          3
 Stone Arrow              Conj/Erth      76%        3d11      7%          3
 Iskenderun's Battlesphe  Conj           59%        2d11      9%          5
 Conjure Ball Lightning   Conj/Air       34%        3x3d11    13%         6
 Necrotise                Necr           52%        1d6       19%         1
 Sandblast                Erth           26%        2d8       19%         1
 Sting                    Tmut/Pois      52%        1d5       19%         1
 Silence                  Hex/Air        26%        N/A       19%         5
 Flame Wave               Conj/Fire      38%        2d10      22%         4
 Hailstorm                Conj/Ice       38%        3d9       22%         4
 Iskenderun's Mystic Bla  Conj/Tloc      38%        2d9       22%         4
 Blink                    Tloc           26%        N/A       26%         2
 Scorch                   Fire           26%        2d6       26%         2
 Call Canine Familiar     Summ           13%        N/A       47%         3
 Gell's Gravitas          Tloc           13%        N/A       47%         3
 Lesser Beckoning         Tloc           13%        N/A       47%         3
 Portal Projectile        Hex/Tloc       26%        N/A       47%         3
 Vampiric Draining        Necr           13%        2d6       47%         3
 Maxwell's Capacitive Co  Air            38%        ∞         86%         8
 Animate Armour           Summ/Erth      26%        N/A       87%         4
 Animate Dead             Necr           13%        N/A       87%         4
 Ice Form                 Ice/Tmut       13%        N/A       87%         4
 Leda's Liquefaction      Hex/Erth       6%         N/A       87%         4
 Olgreb's Toxic Radiance  Pois           13%        N/A       87%         4
 Petrify                  Tmut/Erth      13%        N/A       87%         4
 Iron Shot                Conj/Erth      19%        9d4       98%         6
 Agony                    Necr           13%        N/A       99%         5
 Blade Hands              Tmut           6%         N/A       99%         5
 Lee's Rapid Deconstruct  Erth           6%         3d7*      99%         5
 Summon Forest            Summ/Tloc      6%         N/A       99%         5
 Summon Mana Viper        Hex/Summ       13%        N/A       99%         5
 Simulacrum               Ice/Necr       6%         N/A       100%        6
 Summon Cactus Giant      Summ           6%         N/A       100%        6
 Haunt                    Necr/Summ      6%         N/A       100%        7
 Spellforged Servitor     Conj/Summ      19%        N/A       100%        7
 Disjunction              Tloc           6%         N/A       100%        8
 Ignition                 Fire           6%         3d4       100%        8
 Infestation              Necr           6%         N/A       100%        8


Dungeon Overview and Level Annotations

Branches:
Dungeon (15/15)            Temple (1/1) D:7            Lair (5/5) D:11
 Spider (1/4) Lair:3        Slime (0/5) Lair:5          Orc (2/2) D:12
    Elf (0/3) Orc:2        Vaults (0/5) D:14         Depths (0/4) D:15
Gauntlet (visited)
  Swamp: Lair:2-3    Shoals: Lair:2-3

Altars:
Ashenzari
Dithmenos
Makhleb
Nemelex Xobeh
Qazlal
Ru
Sif Muna
Uskayaw
Yredelemnul
Zin
Jiyva

Shops:
D:15 (   Orc:2 [=[**(

Portals:
Trove: D:10 (give 2 scrolls of acquirement)

Annotations:
D:2 Natasha, Sigmund
D:4 Edmund
D:12 3 runed translucent doors, kingsuperguy's ghost, novice GnGl
D:13 1 runed translucent door, Anandil's ghost, journeyman MiMo


Innate Abilities, Weirdness & Mutations

You have a beak for a mouth.
You have claws for feet.
Your magical nature lets you fly swiftly and evasively.


Message History

Casting: Static Discharge (safe; 1% risk of failure)
Confirm with . or Enter, or press ? or * to list all spells.
Aiming: Airstrike (safe; 1% risk of failure)
Press: ? - help, Dir - move target, f - spark wasp
Aim: a spark wasp (empty space bonus: 6/8)
The air twists around and strikes the spark wasp!!
The spark wasp is heavily wounded.
You block the spark wasp's attack. The spark wasp stings you!
* * * LOW HITPOINT WARNING * * *
The spark wasp shocks you. You resist.
* * * LOW HITPOINT WARNING * * *
Blink to where?
Press: ? - help, Dir - move target, p - spark wasp
As you read the scroll of blinking, it crumbles to dust.
Casting: Airstrike (safe; 1% risk of failure)
Confirm with . or Enter, or press ? or * to list all spells.
Aiming: Airstrike (safe; 1% risk of failure)
Press: ? - help, Dir - move target, f - spark wasp
Aim: a spark wasp (translocational energy, moderately wounded, empty space bonus: 8/8)
The air twists around and strikes the spark wasp!
The spark wasp is severely wounded.
The spark wasp bursts into living lightning!
The living lightning hits you! You resist.
* * * LOW HITPOINT WARNING * * *
The spark wasp blinks!
Okay, then.
Unknown command.
You feel much better. The spark wasp stings you!
* * * LOW HITPOINT WARNING * * *
The spark wasp shocks you. You resist.
* * * LOW HITPOINT WARNING * * *
Casting: Airstrike (safe; 1% risk of failure)
Confirm with . or Enter, or press ? or * to list all spells.
Aiming: Airstrike (safe; 1% risk of failure)
Press: ? - help, Dir - move target, f/p - spark wasp
Aim: a spark wasp (severely wounded, empty space bonus: 6/8)
The air twists around and strikes the spark wasp.
The spark wasp is severely wounded.
The spark wasp completely misses you. The spark wasp stings you!!
You die...

......^##^^^.....................
.....###^^>^#....................
....###^^^^^^#.....##............
.....###^..^^##....###...........
............^##.....##......#####
..##.^........#.....#.........###
...#.....^...................#...
..#..................#......#....
...##......+....@...##.......P...
..###.###.#..##.y....#...........
..P#########.###....##.......#.#.
...#####..#..#.#.#..........####.
.................................
..................)..............
.................................
...#.#..#.##..................###
..###..#.###..##....###......#.#.


You could see a spark wasp.

Vanquished Creatures
  Kirke (Lair:5)
  An orc warlord (Orc:2)
  Azrael (Lair:3)
  A minotaur (Gauntlet)
  A great orb of eyes (D:15)
  Fannar (Lair:1)
  3 boulder beetles
  A rakshasa (D:15)
  4 vault guards (D:14)
  3 hydras
  An ogre mage (D:14)
  A ghost crab (Gauntlet)
  A catoblepas (D:13)
  8 death yaks
  6 centaur warriors
  6 two-headed ogres
  A tengu warrior (D:15)
  An orc high priest (Orc:2)
  Sonja (Lair:1)
  A goliath frog (Lair:5)
  Amaemon (Lair:3)
  A harpy (shapeshifter) (D:14)
  3 deep elf pyromancers
  3 orc knights (Orc:2)
  24 ugly things
  6 cyclopes
  2 manticores
  4 orc sorcerers
  Maurice (Orc:2)
  6 elephants
  A black mamba (Lair:1)
  A merfolk siren (Lair:2)
  An eye of devastation (shapeshifter) (D:15)
  A gargoyle (D:12)
  Joseph (Lair:1)
  An orange demon (Lair:3)
  19 cane toads
  Maggie (D:8)
  8 komodo dragons
  A demonic crawler (Lair:3)
  3 rime drakes
  3 kobold demonologists (D:11)
  A freezing wraith (D:15)
  3 meliai (D:14)
  2 trolls
  2 hornets (D:9)
  A polar bear (Lair:4)
  5 tyrant leeches
  A raiju (shapeshifter) (D:14)
  9 slime creatures (D:15)
  16 blink frogs
  Eustachio (D:5)
  A vampire (D:12)
  45 yaks
  9 humans
  3 wyverns (Lair:4)
  4 hogs (Lair:5)
  3 fire elementals (Spider:1)
  5 redbacks
  11 vampire mosquitoes
  2 wargs (Orc:2)
  An acid dragon (D:9)
  2 swamp worms (Gauntlet)
  3 hell hounds (Spider:1)
  5 water moccasins
  An ice beast (D:8)
  25 orc warriors
  9 ogres
  16 wolves
  12 centaurs
  A phantom (D:6)
  3 kobold brigands (D:11)
  12 bullfrogs
  2 scorpions (D:6)
  A gnoll sergeant (D:13)
  6 wights
  3 killer bees (D:11)
  A hound (D:5)
  2 jellies
  10 orc priests
  A gnoll bouda (D:5)
  2 iguanas
  19 orc wizards
  6 hell rats
  A boggart simulacrum (D:15)
  18 gnolls
  2 adders
  2 river rats (D:11)
  A shadow imp (D:7)
  2 white imps
  An ufetubus (D:7)
  3 worms
  2 dart slugs
  46 orcs
  6 endoplasms
  2 giant cockroaches
  13 goblins
  2 hobgoblins (D:3)
  5 jackals
  2 quokkas
  7 ball pythons
  5 bats
  2 frilled lizards (D:2)
  6 kobolds
  5 rats
  A spectral orc (D:10)
  A butterfly (Lair:5)
538 creatures vanquished.

Vanquished Creatures (collateral kills)
  A cane toad (Lair:2)
  2 wolves
3 creatures vanquished.

Vanquished Creatures (others)
  A centaur warrior (D:15)
  A polar bear (Lair:5)
  An orc priest (Orc:1)
  55 fungi
  109 plants
167 creatures vanquished.

Grand Total: 708 creatures vanquished

Notes
Turn   | Place    | Note
-------+----------+-------------------------------------------
     0 | D:1      | Lutefisk the Tengu Air Elementalist began the quest for the
                  | Orb.
     0 | D:1      | Reached XP level 1. HP: 10/10 MP: 4/4
    67 | D:1      | Reached skill level 1 in Fighting
   166 | D:1      | Reached XP level 2. HP: 13/16 MP: 1/6
   320 | D:2      | Noticed Sigmund
   560 | D:2      | Reached XP level 3. HP: 22/22 MP: 4/7
   590 | D:2      | Learned a level 2 spell: Static Discharge
   594 | D:2      | Learned a level 3 spell: Swiftness
   605 | D:2      | Noticed Natasha
   806 | D:3      | Found a faded altar of an unknown god.
   921 | D:3      | Reached XP level 4. HP: 28/28 MP: 6/8
  1038 | D:4      | Reached skill level 1 in Armour
  1076 | D:4      | Reached skill level 5 in Air Magic
  1085 | D:4      | Gained mutation: Your magical nature lets you fly swiftly
                  | and evasively. [Tengu growth]
  1085 | D:4      | Reached XP level 5. HP: 22/32 MP: 0/9
  1226 | D:4      | Reached skill level 6 in Air Magic
  1344 | D:4      | Noticed Edmund
  1374 | D:4      | Noticed an ogre
  1490 | D:4      | Killed an ogre
  1491 | D:4      | Reached XP level 6. HP: 25/37 MP: 0/10
  1603 | D:5      | Entered Level 5 of the Dungeon
  1836 | D:5      | Noticed a steam dragon
  1968 | D:5      | Reached XP level 7. HP: 39/42 MP: 8/11
  1993 | D:5      | Reached skill level 1 in Throwing
  2165 | D:5      | Learned a level 4 spell: Airstrike
  2240 | D:5      | Noticed Eustachio
  2250 | D:5      | Killed Eustachio
  2251 | D:5      | Reached skill level 7 in Air Magic
  2393 | D:6      | Reached XP level 8. HP: 48/48 MP: 4/13
  2395 | D:6      | Reached skill level 8 in Air Magic
  2571 | D:6      | Found a glowing silver altar of Zin.
  2667 | D:6      | Reached skill level 1 in Evocations
  2674 | D:7      | Reached skill level 5 in Dodging
  2831 | D:7      | Found a staircase to the Ecumenical Temple.
  2844 | Temple   | Entered the Ecumenical Temple
  2849 | Temple   | Became a worshipper of Sif Muna the Loreminder
  3155 | D:8      | Noticed a two-headed ogre
  3195 | D:8      | Killed a two-headed ogre
  3196 | D:8      | Reached skill level 5 in Fighting
  3196 | D:8      | Reached skill level 10 in Air Magic
  3196 | D:8      | Reached XP level 9. HP: 54/54 MP: 9/14
  3467 | D:8      | Noticed Maggie
  3471 | D:8      | Killed Maggie
  3687 | D:9      | Noticed a hornet
  3693 | D:9      | Killed a hornet
  3694 | D:9      | Reached skill level 5 in Armour
  3837 | D:9      | Reached * piety under Sif Muna
  3930 | D:9      | Reached XP level 10. HP: 60/60 MP: 4/17
  3966 | D:9      | Paralysed by a hornet for 3 turns
  3973 | D:9      | Identified the +1 scale mail of the Big Bang {rF+}
  4096 | D:10     | Entered Level 10 of the Dungeon
  4197 | D:10     | Found a basalt altar of Yredelemnul.
  4237 | D:10     | Found a broken altar of Ashenzari.
  4244 | D:10     | Found a stormy altar of Qazlal.
  4248 | D:10     | Found a sparkling altar of Nemelex Xobeh.
  4318 | D:10     | Found a portal to a secret trove of treasure.
  4482 | D:11     | Noticed a purple ugly thing
  4495 | D:11     | Killed a purple ugly thing
  4508 | D:11     | Noticed a death yak
  4508 | D:11     | Noticed a death yak
  4566 | D:11     | Noticed a cyclops
  4573 | D:11     | Killed a cyclops
  4574 | D:11     | Reached skill level 5 in Spellcasting
  4597 | D:11     | Noticed a kobold demonologist
  4598 | D:11     | Noticed a kobold demonologist
  4678 | D:11     | Killed a kobold demonologist
  4689 | D:11     | Noticed a kobold demonologist
  4733 | D:11     | Noticed a rust devil
  4733 | D:11     | Killed a kobold demonologist
  4743 | D:11     | Killed a kobold demonologist
  4775 | D:11     | Noticed a two-headed ogre
  4894 | D:11     | Noticed a two-headed ogre
  4901 | D:11     | Killed a two-headed ogre
  4902 | D:11     | Reached XP level 11. HP: 46/67 MP: 10/21
  4931 | D:11     | Noticed a boulder beetle
  4941 | D:11     | Killed a boulder beetle
  5004 | D:11     | Killed a two-headed ogre
  5005 | D:11     | Reached skill level 5 in Conjurations
  5060 | D:11     | Found a staircase to the Lair.
  5080 | D:11     | Noticed a death yak
  5203 | Lair:1   | Entered Level 1 of the Lair of Beasts
  5203 | Lair:1   | Noticed Joseph
  5208 | Lair:1   | Killed Joseph
  5208 | Lair:1   | Reached ** piety under Sif Muna
  5318 | Lair:1   | Learned a level 2 spell: Passwall
  5401 | Lair:1   | Noticed Sonja
  5429 | Lair:1   | Noticed a six-headed hydra
  5682 | Lair:2   | Noticed a boulder beetle
  5691 | Lair:2   | Killed a boulder beetle
  5806 | Lair:1   | Noticed Fannar
  6047 | Lair:1   | Killed a six-headed hydra
  6048 | Lair:1   | Reached skill level 5 in Evocations
  6103 | Lair:1   | Reached XP level 12. HP: 51/73 MP: 3/25
  6316 | Lair:2   | Reached skill level 11 in Air Magic
  6473 | Lair:3   | Identified the +5 trident of Leadir {protect, *Rage rN++
                  | Dex+2}
  6509 | Lair:3   | Reached skill level 12 in Air Magic
  6581 | Lair:3   | Noticed Amaemon
  6698 | Lair:2   | Reached skill level 5 in Invocations
  6820 | Lair:3   | Noticed a seven-headed hydra
  6855 | Lair:3   | Killed a seven-headed hydra
  6861 | Lair:3   | Noticed a four-headed hydra
  6865 | Lair:3   | Killed a four-headed hydra
  6905 | Lair:3   | Reached *** piety under Sif Muna
  7027 | Lair:2   | HP: 2/73 [/static electricity (5)]
  7898 | Lair:3   | Found a hole to the Spider Nest.
  8067 | Lair:3   | Reached XP level 13. HP: 23/80 MP: 18/27
  8536 | Lair:3   | Killed Amaemon
  8989 | Lair:4   | Reached **** piety under Sif Muna
  9034 | Lair:4   | Reached skill level 10 in Spellcasting
  9057 | Lair:5   | Entered Level 5 of the Lair of Beasts
  9137 | Lair:5   | Found a frozen archway.
  9143 | Lair:5   | Noticed an ice dragon
  9402 | Lair:1   | Killed Fannar
  9429 | Lair:1   | Killed Sonja
  9800 | D:10     | Reached skill level 10 in Dodging
  9830 | D:11     | Found a broken altar of Ashenzari.
 10097 | D:12     | Found a staircase to the Orcish Mines.
 10185 | Orc:1    | Entered Level 1 of the Orcish Mines
 10759 | D:13     | Reached skill level 10 in Fighting
 10771 | D:13     | Found a gate leading to a gauntlet.
 10771 | D:13     | Found a runed translucent door.
 10776 | Gauntlet | Entered a Gauntlet
 10776 | Gauntlet | Found a transporter.
 10779 | Gauntlet | Found a runed translucent door.
 10779 | Gauntlet | Found a transporter.
 10781 | Gauntlet | Found a transporter.
 10784 | Gauntlet | Found a transporter.
 10792 | Gauntlet | Found a transporter.
 10792 | Gauntlet | Found a transporter.
 10794 | Gauntlet | Found a transporter.
 10794 | Gauntlet | Found a transporter.
 10860 | Gauntlet | Found a transporter.
 10862 | Gauntlet | Found a transporter.
 10866 | Gauntlet | Found a transporter.
 10876 | Gauntlet | Found a transporter.
 11107 | Gauntlet | Identified the ring of Fobeafil {Will+ EV+4}
 11286 | Gauntlet | Noticed a minotaur
 11306 | Gauntlet | Killed a minotaur
 11307 | Gauntlet | Reached skill level 13 in Air Magic
 11322 | Gauntlet | Identified the +3 quarterstaff of the Evil Eye {freeze,
                  | Str+7}
 11475 | D:13     | Noticed Anandil's ghost (journeyman MiMo)
 11835 | Orc:1    | Reached ***** piety under Sif Muna
 11836 | Orc:1    | Reached skill level 14 in Air Magic
 11995 | Orc:2    | Entered Level 2 of the Orcish Mines
 11995 | Orc:2    | Found a staircase to the Elven Halls.
 11995 | Orc:2    | Found Obluniol's Antique Armour Shoppe.
 12010 | Orc:1    | Received a gift from Sif Muna
 12011 | Orc:1    | Got Sif Muna's Folio of Fulgurous Embers {god gift}
 12018 | Orc:1    | Learned a level 5 spell: Freezing Cloud
 12040 | Orc:2    | Reached XP level 14. HP: 36/88 MP: 14/29
 12050 | Orc:2    | Found Egro's Armour Shop.
 12068 | Orc:2    | Bought a twisted cloak for 313 gold pieces
 12068 | Orc:2    | Identified the -2 cloak "Sollac" {rElec Regen+} (You bought
                  | it in a shop on level 2 of the Orcish Mines)
 12179 | Orc:2    | Found Agaurch's Jewellery Shoppe.
 12224 | Orc:2    | Reached skill level 15 in Air Magic
 12475 | Orc:2    | Found Ydetoem's General Store.
 12496 | Orc:2    | Bought a scroll of teleportation for 42 gold pieces
 12506 | Orc:2    | Found Neshif's Antique Weapon Shoppe.
 12507 | Orc:2    | Noticed Maurice
 12557 | Orc:2    | Killed Maurice
 12600 | Orc:2    | Found Xagh's Overcharged Wands.
 12662 | Orc:2    | Reached skill level 10 in Armour
 12664 | Orc:2    | Noticed an orc warlord
 12683 | Orc:2    | Killed an orc warlord
 12723 | Orc:2    | Bought a shimmering dagger for 280 gold pieces
 12723 | Orc:2    | Identified the +8 dagger of Inflation {pain, rF+ Dex+2}
                  | (You bought it in a shop on level 2 of the Orcish Mines)
 12800 | Orc:2    | Bought a runed buckler for 247 gold pieces
 12858 | D:13     | Reached skill level 1 in Shields
 13068 | D:14     | Reached skill level 10 in Conjurations
 13121 | D:14     | Reached skill level 5 in Shields
 13240 | D:14     | Received a gift from Sif Muna
 13241 | D:14     | Got Sif Muna's Precepts of Warped Grit {god gift}
 13322 | D:14     | Found a gate to the Vaults.
 13544 | D:14     | Reached XP level 15. HP: 78/92 MP: 16/30
 13703 | D:15     | Entered Level 15 of the Dungeon
 13752 | D:15     | Reached skill level 10 in Shields
 13757 | D:15     | Found a staircase to the Depths.
 13909 | D:15     | Found Juhefiu's Antique Weapon Shop.
 14133 | D:12     | Found a runed translucent gate.
 14139 | D:12     | Found a runed translucent gate.
 14139 | D:12     | Found a runed translucent gate.
 14142 | D:12     | Noticed kingsuperguy's ghost (novice GnGl)
 14400 | Lair:4   | Reached skill level 16 in Air Magic
 14418 | Lair:5   | Noticed Kirke
 14427 | Lair:5   | Killed Kirke
 14446 | Lair:5   | Found a staircase to the Slime Pits.
 14446 | Lair:5   | Found a viscous altar of Jiyva.
 14482 | Lair:5   | Received a gift from Sif Muna
 14483 | Lair:5   | Got Sif Muna's Disquisition on Conjuring {god gift}
 14586 | Lair:5   | Identified the ring "Tahynej" {*Slow rElec rPois Str-5
                  | Int+5}
 14590 | Lair:5   | Identified the +1 leather armour of Lies {rElec rC+++ SInv
                  | Stlth-}
 14758 | Lair:5   | Identified a scroll of acquirement
 14758 | Lair:5   | Acquired 1173 gold pieces
 14916 | Spider:1 | Entered Level 1 of the Spider Nest
 14916 | Spider:1 | Noticed Azrael
 14926 | Lair:3   | Killed Azrael
 14977 | Lair:3   | Slain by a spark wasp

Illustrated notes

Levels and vault maps discovered:
D:1:      dpeg_arrival_solitude, layout_basic
D:2:      layout_basic, uniq_sigmund, uniq_natasha
D:3:      layout_basic, basic_ecumenical_altar, chequers_serial_rivers_micro_b
D:4:      layout_loops_ring, kennysheep_opposing_triangles, uniq_edmund
D:5:      layout_layer_cave, minmay_crystal_room, uniq_eustachio
D:6:      layout_loops_ring, mainiacjoe_overflow_paths,
          nicolae_elevator_lobby_asterisk
D:7:      layout_loops_ring, minmay_temple_entry_sparse_star, serial_aquarium,
          aquarium_bridge_long_separate [aquarium_subvault_bridge,
          aquarium_subvault_wall, aquarium_subvault_wall,
          aquarium_subvault_window, aquarium_subvault_bridge,
          aquarium_subvault_wall], aquarium_window_fake, aquarium_window_fake,
          aquarium_window_3, aquarium_window_1, aquarium_view_2e,
          aquarium_view_2g, aquarium_balcony_double_1, aquarium_pool_1
D:8:      layout_basic, uniq_maggie
D:9:      layout_rooms
D:10:     layout_basic, minmay_overflow_temple_star_quad,
          yredelemnul_forgotten_temple_becter, enter_trove_1
D:11:     layout_irregular_city, dpeg_lair_monsters,
          nicolae_ashenzari_panopticon
D:12:     layout_loops_ring, david_orc_3, gammafunk_ghost_spectres
D:13:     layout_loops_ring, ebering_ghost_reflecting_pool,
          gauntlet_entry_generic
D:14:     layout_grid_maze, ximxim_vaults_locker_room
D:15:     gammafunk_enter_depths_forms, layout_loops_ring, serial_shops,
          nicolae_shop_overgrown_old_shop, minmay_misc_feat_diagonals,
          nicolae_uskayaw_suspiria
Temple:   nicolae_temple_bog_church
Lair:1:   layout_roguey, uniq_fannar, uniq_joseph, uniq_sonja
Lair:2:   layout_cave_pods, elwin_shoals_entry_rooms, st_stairs_11
Lair:3:   layout_regular_city, spider_nest_entry_webs, hibernation_bobbens,
          uniq_amaemon
Lair:4:   layout_roguey
Lair:5:   minmay_lair_end_frog_pond, layout_layer_cave, slime_entry_1,
          portal_ice_cave_entry_animals_and_master, lemuel_fruit_fields,
          serial_bayou_shore_b, uniq_kirke
Spider:1: layout_spider_delve, nicolae_spider_orb_run, uniq_aizul, uniq_azrael
Orc:1:    layout_caves
Orc:2:    grunt_orc_gardens, layout_diamond_mine, grunt_orc_garden,
          grunt_orc_garden, grunt_orc_garden, grunt_orc_garden, serial_shops,
          nicolae_shop_statue_plus, nicolae_shop_overcharged_wands, uniq_maurice

Skill      XL: |  1  2  3  4  5  6  7  8  9 10 11 12 13 14 15 |
---------------+----------------------------------------------+-----
Fighting       | 1 2 3 4 5 6 7 8 9 10 | 10.0
Conjurations   | 2 3 4 6 7 8 10 | 10.0
Armour         | 1 2 4 5 7 8 9 10 | 10.3
Air Magic      | 5 6 7 10 12 14 15 16 | 16.0
Dodging        | 3 4 5 6 7 8 9 10 12 | 12.0
Throwing       | 1 |  1.0
Spellcasting   | 3 4 6 8 9 10 11 | 11.0
Evocations     | 3 4 5 6 |  6.0
Stealth        | 3 |  3.0
Invocations    | 2 4 5 |  5.0
Shields        | 8 10 | 10.0

Action                   |  1- 3 |  4- 6 |  7- 9 | 10-12 | 13-15 || total
-------------------------+-------+-------+-------+-------+-------++-------
Melee: Dagger            |    37 |       |       |       |       ||    37
       Peck              |     6 |     1 |     7 |    30 |    40 ||    84
       Kick              |     8 |     9 |    13 |    44 |    66 ||   140
       Short sword       |     9 |    26 |    40 |   108 |    53 ||   236
       Punch             |       |       |       |     3 |     1 ||     4
       Staff             |       |       |       |       |     6 ||     6
       Rapier            |       |       |       |       |    97 ||    97
Throw: Dart              |       |       |       |    22 |    39 ||    61
       Throwing net      |       |       |       |       |     2 ||     2
 Cast: Shock             |    44 |    64 |    57 |    56 |   103 ||   324
       Static Discharge  |       |     1 |    21 |   132 |   287 ||   441
       Swiftness         |       |     1 |     1 |       |       ||     2
       Airstrike         |       |       |    12 |    59 |   138 ||   209
       Passwall          |       |       |       |       |     4 ||     4
       Freezing Cloud    |       |       |       |       |    27 ||    27
Invok: Channel Magic     |       |       |       |       |     6 ||     6
Evoke: Wand              |       |       |     5 |    17 |     6 ||    28
       Phantom mirror    |       |       |       |     2 |     1 ||     3
  Use: Potion            |     1 |       |       |     9 |     5 ||    15
       Scroll            |       |       |    11 |     9 |    12 ||    32
 Stab: Sleeping          |     5 |       |     1 |     2 |     3 ||    11
       Distracted        |       |       |       |     1 |       ||     1
Armor: Robe              |    14 |     4 |     1 |       |       ||    19
       Quicksilver drago |       |       |     6 |    70 |   149 ||   225
Dodge: Dodged            |    41 |    30 |    54 |   217 |   494 ||   836
Block: Buckler           |       |       |       |       |    77 ||    77
